 Dungeon Crawl Stone Soup version 0.23.2-1-ga50397a (webtiles) character file.

Game seed: 13734502759842405999

65 schauveau the Shooter (level 3, -4/29 HPs)
             Began as a Centaur Hunter on May 1, 2019.
             Slain by Grinder (5 damage)
             ... while paralysed by Grinder
             ... on level 3 of the Dungeon.
             The game lasted 00:02:06 (1173 turns).

schauveau the Shooter (Centaur Hunter)              Turns: 1173, Time: 00:02:07

Health: -4/29      AC:  6    Str: 14    XL:     3   Next: 92%
Magic:  3/3        EV:  1    Int: 10    God:
Gold:   29         SH:  0    Dex: 10    Spells: 2/2 levels left

rFire    . . .     SeeInvis .   a - +1 shortbow
rCold    . . .     Gourm    .   (shield currently unavailable)
rNeg     . . .     Faith    .   e - +0 ring mail
rPois    .         Spirit   .   (no helmet)
rElec    .         Reflect  .   c - +0 cloak
rCorr    .         Harm     .   (no gloves)
MR       .....                  (no barding)
Stlth    ..........             (no amulet)
HPRegen  0.09/turn              (no ring)
MPRegen  0.08/turn              (no ring)

@: paralysed, very quick
A: large, hooves 3, deformed body, speed 2, tough skin 3
a: no special abilities


You were on level 3 of the Dungeon.
You were not hungry.

You visited 1 branch of the dungeon, and saw 4 of its levels.

You collected 29 gold pieces.

Inventory:

Hand Weapons
 a - a +1 shortbow (weapon)
 b - a +0 short sword
Missiles
 d - 6 arrows (quivered)
Armour
 c - a +0 cloak (worn)
 e - a +0 ring mail (worn)
Wands
 g - a wand of random effects (10)
Scrolls
 i - a scroll of magic mapping {unknown}
 k - a scroll of identify {unknown}
 l - a scroll of teleportation {unknown}
Potions
 j - a potion of resistance {unknown}
 m - a potion of haste {unknown}
Comestibles
 f - 3 rations
 h - 7 chunks of flesh


   Skills:
 - Level 2.0 Fighting
 * Level 6.7 Bows
 + Level 1.3 Armour
 - Level 1.3 Dodging
 - Level 0.4 Stealth


You had 2 spell levels left.
You didn't know any spells.
Your spell library was empty.

Dungeon Overview and Level Annotations

Branches:
Dungeon (4/15)
 Temple: D:4-7

Altars:

Annotations:
D:3 Grinder


Innate Abilities, Weirdness & Mutations

You have hooves in place of feet.
Armour fits poorly on your strangely shaped body.
You cover ground very quickly.
You have extremely tough skin. (AC +3)


Message History

3 arrows; an adder corpse Firing (i - inventory)
d - 8 arrows (quivered)
Press: ? - help, Shift-Dir - straight line, f/p - Grinder
Aim: Grinder (moderately wounded)
You shoot an arrow. The arrow barely misses Grinder.
Firing (i - inventory)
d - 7 arrows (quivered)
Press: ? - help, Shift-Dir - straight line, f/p - Grinder
Aim: Grinder (moderately wounded)
You shoot an arrow. The arrow hits Grinder!
Grinder is heavily wounded.
Grinder gestures at you.
You suddenly lose the ability to move!
Grinder hits you.
* * * LOW HITPOINT WARNING * * *
You writhe in agony.
* * * LOW HITPOINT WARNING * * *
Grinder hits you.
* * * LOW HITPOINT WARNING * * *
You writhe in agony.
You die...

.(.. .. ### ... .# ..
..# .# #. #.# ..
#.###.#####.# .#
#......@.##.#### .#
#####.##5#.....####.#
#.#.(..........^#
#...<....#.######
#.(.>....#.#
##.....###.#
##...(....#
##.####### ###


You could see Grinder.

Vanquished Creatures
  Terence (D:2)
  2 adders
  A worm (D:2)
  2 leopard geckos (D:2)
  2 giant cockroaches (D:1)
  2 goblins (D:2)
  3 hobgoblins
  A ball python (D:2)
  A bat (D:2)
  A frilled lizard (D:1)
  A kobold (D:3)
  A rat (D:1)
18 creatures vanquished.

Notes
Turn   | Place    | Note
-------+----------+-------------------------------------------
     0 | D:1      | schauveau the Centaur Hunter began the quest for the Orb.
     0 | D:1      | Reached XP level 1. HP: 17/17 MP: 1/1
     4 | D:1      | Noticed an ogre
     4 | D:1      | Noticed a troll
     6 | D:1      | Noticed a spriggan
     6 | D:1      | Noticed a demigod
     8 | D:1      | Noticed a halfling
     8 | D:1      | Noticed a draconian
    10 | D:1      | Noticed a minotaur
    10 | D:1      | Noticed a gargoyle
    12 | D:1      | Noticed a dwarf
    12 | D:1      | Noticed a ghoul
    14 | D:1      | Noticed an elf
    14 | D:1      | Noticed a demonspawn
    16 | D:1      | Noticed a human
    16 | D:1      | Noticed a formicid
    18 | D:1      | Noticed a vampire
    20 | D:1      | Noticed a naga
    20 | D:1      | Noticed an octopode
    22 | D:1      | Noticed a merfolk
    22 | D:1      | Noticed a vine stalker
    24 | D:1      | Noticed a tengu
    24 | D:1      | Noticed a centaur
    26 | D:1      | Noticed a felid
   379 | D:2      | Reached XP level 2. HP: 24/24 MP: 2/2
   407 | D:2      | Found a faded altar of an unknown god.
   422 | D:2      | Noticed Terence
   446 | D:2      | HP: 1/24 [Terence/+0 flail (7)]
   459 | D:2      | Killed Terence
   459 | D:2      | Reached skill level 6 in Bows
   459 | D:2      | Reached skill level 1 in Armour
   459 | D:2      | Reached XP level 3. HP: 2/29 MP: 3/3
  1151 | D:4      | Noticed Grinder
  1171 | D:3      | Paralysed by Grinder for 6 turns
  1173 | D:3      | HP: 1/29 [Grinder (3)]
  1173 | D:3      | Slain by Grinder

Skill      XL: |  1  2 |
---------------+-------+-----
Bows           | 6 |  6.7
Armour         | 1 |  1.3
Fighting       | |  2.0
Dodging        | |  1.3
Stealth        | |  0.4

Action                   || total
-------------------------++-------
Melee: Short sword       ||    46
       Kick              ||     7
 Fire: Shortbow          ||    34
Armor: Ring mail         ||    22
Dodge: Dodged            ||    20
